[Event "TOP 12 Feminin 2023 Phase 1"]
[Site "MULHOUSE, France"]
[Date "2023.05.21"]
[Round "5.18"]
[White "MATNADZE-BUJIASHVILI, Ann"]
[Black "NAVROTESCU, Andreea"]
[Result "1-0"]
[ECO "E00"]
[WhiteElo "2393"]
[BlackElo "2252"]
[PlyCount "97"]
[EventDate "2023.??.??"]
[WhiteTeam "Grasse"]
[BlackTeam "Mulhouse"]
[TimeControl "90+30"]

1. d4 {2} Nf6 {261} 2. Nf3 {7} e6 {4} 3. c4 {8} d5 {10} 4. g3 {59} dxc4 {5} 5.
Qa4+ {42} Nc6 {133} 6. Qxc4 {7} Qd5 {8} 7. Qxd5 {259} exd5 {9} 8. Bg2 {91} Nb4
{63} 9. Na3 {15} c6 {43} 10. O-O {76} h6 {276} 11. Bf4 {55} Bf5 {99} 12. Nd2 {
165} Be7 {121} 13. Nb3 {69} O-O {57} 14. Rfc1 {92} Rac8 {99} 15. f3 {234} Rfe8
{70} 16. Kf2 {217} Bf8 {59} 17. g4 {68} Bh7 {74} 18. h4 {28} Be7 {229} 19. Bh3
{84} g5 {74} 20. Bd2 {186} b6 {102} 21. Rh1 {154} Nd7 {92} 22. Bg2 {308} a5 {
430} 23. hxg5 {74} hxg5 {9} 24. Bc3 {283} Nf8 {83} 25. Bf1 {542} Ne6 {289} 26.
e3 {50} Bf6 {225} 27. Be2 {210} Kg7 {75} 28. Nd2 {148} c5 {430} 29. dxc5 {451}
d4 {16} 30. exd4 {279} Bxd4+ {555} 31. Kg3 {33} Rxc5 {312} 32. Rxh7+ {564} Kxh7
{2} 33. Ne4 {16} Rcc8 {615} 34. Bc4 {69} Red8 {528} 35. Bxe6 {128} fxe6 {7} 36.
Nxg5+ {185} Kg8 {2} 37. Nb5 {570} Bxc3 {121} 38. bxc3 {1} Rd5 {87} 39. Nxe6 {
364} Nxa2 {207} 40. Na7 {264} Rxc3 {2} 41. Rxa2 {8} Rdd3 {138} 42. Nb5 {166}
Rxf3+ {24} 43. Kh4 {0} Rcd3 {92} 44. Nbd4 {6} Rf7 {81} 45. Rc2 {46} Ra7 {129}
46. Kg5 {32} Kf7 {36} 47. Rf2+ {30} Ke8 {376} 48. Rf8+ {31} Kd7 {7} 49. Rf7+ {6
} 1-0

[Event "TOP 12 Feminin 2023 Phase 1"]
[Site "MULHOUSE, France"]
[Date "2023.05.21"]
[Round "5.19"]
[White "RICHARD, Emma"]
[Black "UTA, Adeline"]
[Result "1-0"]
[ECO "B51"]
[WhiteElo "2169"]
[BlackElo "2116"]
[PlyCount "155"]
[EventDate "2023.??.??"]
[WhiteTeam "Mulhouse"]
[BlackTeam "Grasse"]
[TimeControl "90+30"]

1. e4 {231} c5 {49} 2. Nf3 {9} d6 {14} 3. Bb5+ {9} Nd7 {8} 4. Ba4 {8} a6 {164}
5. c4 {7} Ngf6 {19} 6. O-O {267} e6 {56} 7. Nc3 {133} Be7 {23} 8. d3 {34} O-O {
65} 9. h3 {119} b6 {209} 10. Re1 {148} Bb7 {668} 11. Qe2 {303} Qc7 {299} 12.
Nh2 {795} Bc6 {827} 13. Bxc6 {113} Qxc6 {19} 14. f4 {586} b5 {78} 15. g4 {402}
b4 {134} 16. Nd1 {131} Ne8 {146} 17. g5 {270} Nc7 {181} 18. f5 {229} exf5 {143}
19. exf5 {11} Rfe8 {36} 20. Qf3 {160} Qxf3 {139} 21. Nxf3 {4} f6 {369} 22. h4 {
304} Ne5 {192} 23. Nxe5 {9} dxe5 {10} 24. Nf2 {68} Red8 {287} 25. Be3 {46} a5 {
165} 26. Rad1 {92} Rd7 {53} 27. Ne4 {128} Na6 {585} 28. gxf6 {283} gxf6 {296}
29. Kf2 {25} Kf7 {92} 30. Rg1 {16} Rad8 {81} 31. Ke2 {409} Bf8 {15} 32. h5 {90}
Rc7 {250} 33. Nxf6 {503} Be7 {56} 34. Ng4 {84} Nb8 {292} 35. Nxe5+ {243} Kf6 {
32} 36. Rdf1 {45} Rb7 {88} 37. Ng4+ {28} Kf7 {21} 38. Nh6+ {100} Ke8 {18} 39.
Rg8+ {15} Kd7 {11} 40. Rg7 {33} Kc6 {154} 41. f6 {11} Bf8 {17} 42. Rxb7 {11}
Kxb7 {105} 43. f7 {37} Nc6 {53} 44. Ng4 {16} Kc7 {67} 45. Rf5 {40} Nd4+ {25}
46. Bxd4 {5} Rxd4 {27} 47. Nf6 {23} h6 {23} 48. Nh7 {58} Rd8 {16} 49. Re5 {23}
Bg7 {34} 50. Re8 {54} Rd4 {17} 51. f8=Q {7} Bxf8 {5} 52. Rxf8 {18} Rh4 {10} 53.
Rf7+ {31} Kb8 {38} 54. Rf5 {103} Rh2+ {11} 55. Rf2 {37} Rxh5 {15} 56. Nf6 {3}
Rh1 {56} 57. Nd7+ {84} Kc7 {7} 58. Nxc5 {7} Ra1 {22} 59. d4 {17} Rxa2 {22} 60.
Kd3 {14} Ra1 {45} 61. d5 {132} Rd1+ {81} 62. Kc2 {15} Rh1 {27} 63. Rd2 {109}
Rh4 {38} 64. d6+ {50} Kd8 {28} 65. Nb7+ {9} Kd7 {12} 66. Nc5+ {54} Kd8 {32} 67.
b3 {15} Rh5 {59} 68. Ne6+ {34} Kd7 {20} 69. Nf8+ {91} Kd8 {12} 70. d7 {26} Re5
{13} 71. Ng6 {39} Re6 {42} 72. Nf4 {14} Re7 {28} 73. Rd6 {55} Rxd7 {43} 74.
Rxh6 {18} Rf7 {41} 75. Ne6+ {49} Ke7 {34} 76. Nd4 {8} Kd7 {29} 77. Ra6 {23} Rf4
{16} 78. Kd3 {10} 1-0

[Event "TOP 12 Féminin 2023 Phase 1"]
[Site "MULHOUSE, France"]
[Date "2023.05.21"]
[Round "5.20"]
[White "FORESTIER, Carole"]
[Black "NEUHAUSER, Salome"]
[Result "1-0"]
[ECO "A67"]
[WhiteElo "2009"]
[BlackElo "2077"]
[PlyCount "57"]
[EventDate "2023.??.??"]
[WhiteTeam "Grasse"]
[BlackTeam "Mulhouse"]
[TimeControl "90+30"]

1. d4 {47} Nf6 {11} 2. c4 {3} c5 {4} 3. d5 {4} e6 {4} 4. Nc3 {5} exd5 {4} 5.
cxd5 {4} d6 {15} 6. e4 {3} g6 {6} 7. f4 {6} Bg7 {12} 8. Bb5+ {26} Nfd7 {113} 9.
Nf3 {29} O-O {12} 10. O-O {58} a6 {220} 11. Bd3 {36} b5 {22} 12. a3 {70} Bb7 {
138} 13. Kh1 {622} Nb6 {144} 14. f5 {210} N8d7 {1318} 15. Bg5 {165} Qc7 {562}
16. h4 {334} gxf5 {1083} 17. Qd2 {1417} fxe4 {346} 18. Bxe4 {283} f5 {145} 19.
Be7 {471} fxe4 {395} 20. Bxf8 {169} Nxf8 {106} 21. Ng5 {151} b4 {137} 22. axb4
{194} cxb4 {6} 23. Ncxe4 {15} Nxd5 {782} 24. Rf7 {63} Qb6 {15} 25. Raf1 {494}
Ng6 {225} 26. Ne6 {170} Bf8 {137} 27. Qg5 {95} Ndf4 {182} 28. R1xf4 {74} Bxe4 {
12} 29. Rxf8+ {17} 1-0

[Event "TOP 12 Feminin 2023 Phase 1"]
[Site "MULHOUSE, France"]
[Date "2023.05.21"]
[Round "5.22"]
[White "BELENKAYA, Dina"]
[Black "DIEZ, Ambre"]
[Result "1-0"]
[ECO "C45"]
[WhiteElo "2295"]
[BlackElo "1966"]
[PlyCount "111"]
[EventDate "2023.??.??"]
[WhiteTeam "Monaco"]
[BlackTeam "Bordeaux"]
[TimeControl "90+30"]

1. e4 {33} e5 {11} 2. Nf3 {9} Nc6 {8} 3. d4 {5} exd4 {10} 4. Nxd4 {4} Bc5 {35}
5. Nxc6 {77} Qf6 {34} 6. Qf3 {52} dxc6 {181} 7. Nd2 {40} Be6 {56} 8. Nb3 {108}
Bb6 {177} 9. Be2 {306} O-O-O {128} 10. Qxf6 {299} Nxf6 {19} 11. f3 {13} h6 {461
} 12. Bd2 {458} Rd7 {161} 13. c4 {130} Rhd8 {668} 14. g4 {303} Bd4 {281} 15.
Nxd4 {33} Rxd4 {6} 16. Bc3 {69} R4d7 {61} 17. b3 {460} c5 {486} 18. h4 {235}
Ne8 {365} 19. Kf2 {517} g6 {209} 20. g5 {318} h5 {98} 21. Ke3 {32} b6 {280} 22.
Rhf1 {159} c6 {119} 23. Rad1 {39} Rxd1 {91} 24. Bxd1 {229} b5 {98} 25. cxb5 {46
} cxb5 {9} 26. Be2 {21} c4 {85} 27. Rc1 {146} Kb7 {39} 28. b4 {509} Kc6 {260}
29. Bd4 {42} Ra8 {219} 30. Bc3 {65} Rd8 {24} 31. f4 {86} Nd6 {393} 32. Bf3 {64}
Nc8 {402} 33. f5 {334} Rd3+ {74} 34. Kf4 {24} Bd7 {205} 35. Bg2 {64} Kb6 {41}
36. Bf1 {24} Rd6 {72} 37. a4 {357} gxf5 {215} 38. a5+ {26} Ka6 {20} 39. exf5 {
94} Ne7 {33} 40. f6 {61} Ng6+ {14} 41. Kg3 {9} Bg4 {111} 42. Re1 Kb7 43. Bg2+
Kc8 44. Be4 Nf8 45. Bc2 {0} Be6 {1049} 46. Kf4 {1276} Kd7 {30} 47. Rd1 {30}
Ng6+ {30} 48. Kg3 {30} Bg4 {30} 49. Re1 {30} Re6 {30} 50. Be4 {30} Kd6 {30} 51.
Bd4 {30} a6 {30} 52. Bc5+ {30} Kc7 {30} 53. Re3 {30} Ne5 {30} 54. Bd5 {30} Nd3
{30} 55. Bxe6 {30} Bxe6 {30} 56. Rxe6 {30} 1-0